 Dungeon Crawl Stone Soup version 0.23.2-40-g277498a001 (webtiles) character file.

Game seed: 3609897208604031740

14 Curus the Insei (level 2, -3/21 HPs)
             Began as a Merfolk Transmuter on Sept 20, 2019.
             Slain by a hobgoblin
             ... wielding a cursed -2 club
              (5 damage)
             ... on level 1 of the Dungeon.
             The game lasted 00:01:54 (96 turns).

Curus the Insei (Merfolk Transmuter)                  Turns: 96, Time: 00:01:55

Health: -3/21      AC:  2    Str: 10    XL:     2   Next: 41%
Magic:  4/5        EV: 13    Int: 12    God:
Gold:   30         SH:  4    Dex: 14    Spells: 4/5 levels left

rFire    . . .     SeeInvis .     - Unarmed
rCold    . . .     Gourm    .   (no shield)
rNeg     . . .     Faith    .   b - +0 robe
rPois    .         Spirit   .   (no helmet)
rElec    .         Reflect  .   (no cloak)
rCorr    +         Harm     .   (no gloves)
MR       .....                  (no boots)
Stlth    +.........             (no amulet)
HPRegen  0.07/turn              e - ring of resist corrosion
MPRegen  0.09/turn              (no ring)

@: appendage
A: change form in water, swift swim, stealthy swim, fangs 1, horns 2, large bone
plates 1
a: End Transformation


You were on level 1 of the Dungeon.
You were not hungry.
You had grown temporary horns.
You visited 1 branch of the dungeon, and saw 1 of its levels.

You collected 30 gold pieces.

Inventory:

Missiles
 a - 12 arrows
Armour
 b - a +0 robe (worn)
 f - a +0 buckler
Jewellery
 e - a ring of resist corrosion (left hand)
Comestibles
 d - a ration


   Skills:
 - Level 1.1 Fighting
 - Level 2.6 Dodging
 + Level 4.1 Unarmed Combat
 - Level 2.0 Spellcasting
 - Level 2.6 Transmutations


You had 4 spell levels left.
You knew the following spells:

 Your Spells              Type           Power        Failure   Level  Hunger
a - Beastly Appendage     Tmut           #.....       9%          1    ##.....

Your spell library contained the following spells:

 Spells                   Type           Power        Failure   Level  Hunger
 Sticks to Snakes         Tmut           #.......     14%         2    ###....
 Spider Form              Tmut/Pois      #.........   43%         3    ####...
 Ice Form                 Ice/Tmut       #.......     83%         4    #####..
 Blade Hands              Tmut           #.........   94%         5    ######.


Dungeon Overview and Level Annotations

Branches:
Dungeon (1/15)

Altars:


Innate Abilities, Weirdness & Mutations

You revert to your normal form in water You are very nimble and swift while swimming.
You are very stealthy in the water. (Stealth+)
You have very sharp teeth.
You have a pair of horns on your head.
You are partially covered in large bone plates. (SH +4)


Message History

The kobold throws a stone.
The stone closely misses you.
The hobgoblin hits you with a cursed -2 club.
* * * LOW HITPOINT WARNING * * *
You barely miss the hobgoblin.
You bite the hobgoblin, but do no damage.
The hobgoblin is severely wounded.
The kobold throws a stone.
You block the stone. The hobgoblin misses you.
You closely miss the hobgoblin.
The hobgoblin is severely wounded.
Casting: Beastly Appendage (safe; 9% risk of failure)
Confirm with . or Enter, or press ? or * to list all spells.
You grow a pair of large bovine horns.
The hobgoblin hits you but does no damage.
You hit the hobgoblin but do no damage.
The hobgoblin is severely wounded.
The hobgoblin barely misses you. The kobold barely misses you.
You closely miss the hobgoblin. Your headbutt misses the hobgoblin.
The hobgoblin is severely wounded.
The hobgoblin hits you with a cursed -2 club.
You die...

#....≈≈≈≈≈≈≈)..#
#.#..≈.....≈...#####
#..........≈...(...#
#..≈≈≈≈≈...≈...###.#
#..≈..<≈..(≈...# #†#
#..≈.≈.[...≈...# #.#
#.?≈.≈≈≈≈≈.≈...# #..
#..≈.....≈.≈...# ###
#..≈...≈>..≈@..#
#..≈...≈≈≈≈≈gK.#
#..≈......g....#
#..≈.....≈...†.#
.≈≈≈≈≈≈≈..)#...K.[
.....$...#.#......
##########.#......#
#.#......#
#........#


You could see a gnoll, a hobgoblin and a kobold.

Vanquished Creatures
  2 giant cockroaches (D:1)
  4 hobgoblins (D:1)
  2 bats (D:1)
  3 frilled lizards (D:1)
  A goblin (D:1)
  A rat (D:1)
13 creatures vanquished.

Notes
Turn   | Place    | Note
-------+----------+-------------------------------------------
     0 | D:1      | Curus the Merfolk Transmuter began the quest for the Orb.
     0 | D:1      | Reached XP level 1. HP: 15/15 MP: 3/3
    62 | D:1      | Reached XP level 2. HP: 16/21 MP: 3/5
    71 | D:1      | Reached skill level 4 in Unarmed Combat
    77 | D:1      | Gained mutation: You have very sharp teeth. [potion of
                  | mutation]
    77 | D:1      | Gained mutation: You are partially covered in large bone
                  | plates. (SH +4) [potion of mutation]
    96 | D:1      | Slain by a hobgoblin

Skill      XL: |  1  2 |
---------------+-------+-----
Unarmed Combat | 4 |  4.1
Fighting       | |  1.1
Dodging        | |  2.6
Spellcasting   | |  2.0
Transmutations | |  2.6

Action                   || total
-------------------------++-------
Melee: Unarmed           ||    48
       Punch             ||     1
       Headbutt          ||     3
       Bite              ||     3
 Cast: Beastly Appendage ||     3
  Use: Potion            ||     1
Armor: Robe              ||     9
Dodge: Dodged            ||    49
Block: Other             ||     3
